 Dungeon Crawl Stone Soup version 0.32-a0-772-g33df2375a9 (webtiles) character file.

Game seed: 10505708904040076501

33866 MrZuerg the Arsonist (level 13, -2/105 HPs)
             Began as a Mountain Dwarf Fire Elementalist on Mar 19, 2024.
             Was the Champion of Okawaru.
             Slain by a seven-headed hydra (11 damage)
             ... on level 3 of the Lair of Beasts.
             The game lasted 01:04:52 (17927 turns).

MrZuerg the Arsonist (MDFE)                        Turns: 17927, Time: 01:04:53

Health: -2/105     AC: 27    Str: 11    XL:     13   Next: 39%
Magic:  20/34      EV:  3    Int: 21    God:    Okawaru [******]
Gold:   1673       SH:  5    Dex: 13    Spells: 21/28 levels left

rFire   + . .        h - +4 eveningstar (venom)
rCold   . . .        (no shield)
rNeg    . . .        j - +3 plate armour {rF+}
rPois   .            N - +1 hat {Stlth+}
rElec   +            x - +0 cloak of the Witching Gods {rElec}
rCorr   .            C - +0 pair of gloves {Dex+3}
SInv    .            g - +0 pair of boots
Will    +....        l - amulet of reflection Stlth
                     f - +4 ring of protection
HPRegen 0.37/turn    q - ring of magical power
MPRegen 0.24/turn

%: reflection
@: invisible
A: runic magic, artefact enchanting
a: Renounce Religion, Heroism, Finesse, Duel


You were on level 3 of the Lair of Beasts.
You worshipped Okawaru.
Okawaru was exalted by your worship.
You visited 3 branches of the dungeon, and saw 15 of its levels.
You also visited: Ossuary and Volcano.

You collected 1673 gold pieces.

Inventory:

Hand Weapons
 h - a +4 eveningstar of venom (weapon)
Missiles
 H - 3 throwing nets
Armour
 g - a +0 pair of boots (worn)
 j - a +3 plate armour of fire resistance (worn)
 v - a +2 cloak of preservation
 x - the +0 cloak of the Witching Gods (worn) {rElec}
   (You found it on level 5 of the Dungeon)

   rElec:     It insulates you from electricity.
 y - +0 fire dragon scales
 C - a +0 pair of gloves of dexterity (worn)
 N - a +1 hat of stealth (worn)
Jewellery
 f - a +4 ring of protection (left hand)
 l - an amulet of reflection (around neck)
 q - a ring of magical power (right hand)
 L - a +6 ring of strength
 Q - a ring of positive energy
Wands
 a - a wand of flame (17)
 u - a wand of warping (7)
 F - a wand of paralysis (23)
 I - a wand of digging (7)
Scrolls
 e - a scroll of blinking
 n - 7 scrolls of teleportation
 r - a scroll of silence
 s - 2 scrolls of identify
 t - 2 scrolls of fog
 D - 2 scrolls of amnesia
 E - 2 scrolls of vulnerability
 G - 2 scrolls of torment
Potions
 b - a potion of magic
 c - 2 potions of cancellation
 d - 2 potions of haste
 i - 5 potions of berserk rage
 k - a potion of mutation
 m - 2 potions of lignification
 o - 3 potions of enlightenment
 p - 2 potions of curing
 A - 2 potions of attraction
 K - 3 potions of brilliance
 O - a potion of might
 R - a potion of invisibility


   Skills:
 + Level 7.3 Fighting
 + Level 10.8 Maces & Flails
 + Level 10.5 Armour
 + Level 3.0 Dodging
 - Level 1.5 Stealth
 + Level 8.3 Spellcasting
 + Level 8.7 Conjurations
 + Level 11.7 Fire Magic
 - Level 7.0 Invocations
 + Level 4.5 Evocations


You had 21 spell levels left.
You knew the following spells:

 Your Spells              Type           Power      Damage    Failure   Level
a - Foxfire               Conj/Fire      100%       2x1d9     1%          1
b - Scorch                Fire           100%       2d9       1%          2
c - Flame Wave            Conj/Fire      51%        2d13      3%          4

Your spell library contained the following spells:

 Spells                   Type           Power      Damage    Failure   Level
 Sting                    Conj/Alch      100%       1d9       4%          1
 Inner Flame              Hex/Fire       33%        N/A       6%          3
 Volatile Blastmotes      Fire/Tloc      66%        2d15      6%          3
 Apportation              Tloc           16%        N/A       24%         1
 Necrotise                Necr           32%        1d5       24%         1
 Lesser Beckoning         Tloc           16%        N/A       36%         2
 Gell's Gravitas          Tloc           8%         N/A       58%         3
 Sigil of Binding         Hex            8%         N/A       58%         3
 Teleport Other           Tloc           8%         N/A       58%         3
 Arcjolt                  Conj/Air       13%        1d23      73%         5
 Anguish                  Hex/Necr       4%         N/A       94%         4
 Cause Fear               Hex            4%         N/A       94%         4
 Dimensional Bullseye     Hex/Tloc       4%         N/A       94%         4
 Vhi's Electric Charge    Tloc/Air       16%        N/A       94%         4
 Enfeeble                 Hex            4%         N/A       100%        7
 Maxwell's Capacitive Co  Air            4%         ∞         100%        8
 Summon Small Mammal      Summ           Unusable   N/A       N/A         1
 Call Canine Familiar     Summ           Unusable   N/A       N/A         3

Dungeon Overview and Level Annotations

Branches:
Dungeon (11/15)            Temple (1/1) D:6            Lair (3/5) D:11
  Snake (0/4) Lair:2      Ossuary (visited)         Volcano (visited)
  Swamp: Lair:2-3    Shoals: Lair:2-3       Orc: D:9-12

Altars:
Ashenzari
Cheibriados
Dithmenos
Elyvilon
Fedhas
Gozag
Hepliaklqana
Kikubaaqudgha
Makhleb
Nemelex Xobeh
Okawaru
Qazlal
Ru
Sif Muna
Trog
Uskayaw
Vehumet
Wu Jian
Xom
Yredelemnul
Zin
The Shining One

Shops:
D:3 !

Annotations:
D:11 exclusion: orange crystal statue


Innate Abilities, Weirdness & Mutations

Your spellcasting is much less encumbered by armour.
You can use scrolls of enchantment on lesser artefacts.


Message History

The six-headed hydra bites you!
* * * LOW HITPOINT WARNING * * *
The six-headed hydra bites you but does no damage. x3
The swamp worm is engulfed in a cloud of scalding steam.
The swamp worm fires a harpoon shot at you.
The harpoon shot hits the six-headed hydra!!
You see here 2 boomerangs.
The swamp worm is engulfed in a cloud of scalding steam.
You kill the swamp worm!
Okawaru accepts your kill.
The six-headed hydra bites you but does no damage. x3
You block the six-headed hydra's attack.
The six-headed hydra bites you but does no damage.
The six-headed hydra bites you!
* * * LOW HITPOINT WARNING * * *
A nearby plant withers and dies.
The seven-headed hydra bites you.
* * * LOW HITPOINT WARNING * * *
The seven-headed hydra bites you but does no damage. x3
The seven-headed hydra barely misses you.
The seven-headed hydra bites you but does no damage. x2
The six-headed hydra bites you but does no damage. x3
The six-headed hydra completely misses you.
The six-headed hydra barely misses you.
The six-headed hydra bites you but does no damage.
Casting: Flame Wave (dangerous; 3% risk of failure)
Confirm with . or Enter, or press ? or * to list all spells.
Casting: Flame Wave (dangerous; 3% risk of failure)
Press: ? - help, Dir - look around, f - activate A wave of flame ripples out!
The flame wave engulfs the six-headed hydra!
The six-headed hydra is almost dead.
The flame wave engulfs the seven-headed hydra.
The seven-headed hydra is severely wounded. (Press . to intensify the flame waves.)
You hear a croak.
The seven-headed hydra is engulfed in a cloud of scalding steam.
You block the seven-headed hydra's attack.
The seven-headed hydra barely misses you.
The seven-headed hydra bites you!
You die...

# #..... ####.#..... #
#~.......... +.
####~~~~~.......
.###P~~~≈~≈~~.##...
...~~~~ #~~~~....
#.~~≈###[###≈~~...
##.§~~#~~~~ ##≈~...
##.@§~~~~~~~ #~~...
#..DD†~#~~~ ##≈~...
#..~~(≈### ###~~~...
##..#~~~~###~~~~....
###..#.§~~≈~≈~~......
.......§..†~~~~...#.##
♣♣♣♣♣§.#..†......####
~≈§♣♣#.#......# ..≈≈
♣.#.....###


You could see a seven-headed hydra (unable to see you) and a six-headed hydra
(unable to see you).

Vanquished Creatures
  Gastronok (Lair:1)
  A red draconian (Volcano)
  A fire dragon (Lair:2)
  Harold (Lair:1)
  An ogre mage (Volcano)
  6 two-headed ogres
  Amaemon (D:8)
  A skyshark (Lair:3)
  Lodul (D:11)
  2 lindwurms
  Pikel (D:6)
  A deep elf pyromancer (D:9)
  A cyclops (D:11)
  Maurice (D:8)
  2 manticores (D:11)
  6 elephants (Lair:1)
  A molten gargoyle (Volcano)
  Joseph (D:7)
  A black mamba (Lair:1)
  3 cane toads
  An orange demon (D:9)
  Maggie (D:7)
  Jeremiah (D:6)
  4 komodo dragons
  2 hornets
  A tyrant leech (Lair:3)
  Grinder (D:6)
  Sigmund (D:2)
  2 shadows (D:10)
  4 fire bats (Volcano)
  2 wraiths (D:10)
  Eustachio (D:6)
  26 yaks
  5 wyverns
  A warg (Lair:1)
  Edmund (D:6)
  A basilisk (Lair:2)
  4 steam dragons
  3 swamp worms (Lair:3)
  7 nagas (Lair:2)
  5 water moccasins
  3 ice beasts (D:11)
  4 orc warriors
  A swamp drake (Volcano)
  Duvessa (D:4)
  11 ogres
  12 wolves
  5 centaurs
  A kobold brigand (D:5)
  9 bullfrogs
  4 elf zombies (Ossuary)
  A gnoll sergeant (D:9)
  A scorpion (D:7)
  7 wights
  Dowan (D:4)
  6 killer bees
  7 electric eels (D:10)
  A howler monkey (D:11)
  4 lava snakes (Volcano)
  4 bombardier beetles
  5 centaur zombies (Ossuary)
  2 hounds
  A human zombie (Ossuary)
  2 jellies
  4 orc priests
  3 iguanas
  Crazy Yiuf (D:7)
  5 orc wizards
  A crocodile zombie (Ossuary)
  3 mummies (Ossuary)
  3 gnolls (D:2)
  5 adders
  A shadow imp (D:6)
  4 white imps
  4 ufetubi
  2 ribbon worms
  23 orcs
  3 ball pythons
  6 endoplasms
  5 giant cockroaches
  11 goblins
  3 hobgoblins (D:2)
  7 jackals
  9 kobolds
  4 quokkas
  2 bats (D:3)
  2 frilled lizards
  3 rats
315 creatures vanquished.

Vanquished Creatures (collateral kills)
  A gargoyle (D:11)
  A rime drake (D:11)
  An ice beast (D:11)
  2 ogres (D:11)
  A wight (D:9)
  A killer bee (D:8)
  An orc wizard (D:7)
  4 gnolls (D:9)
  An orc (D:7)
13 creatures vanquished.

Vanquished Creatures (others)
  An ogre (D:11)
  2 killer bees
  A jelly (D:6)
  An orc (D:6)
  162 foxfires
167 creatures vanquished.

Grand Total: 495 creatures vanquished

Notes
Turn   | Place    | Note
-------+----------+-------------------------------------------
     0 | D:1      | MrZuerg the Mountain Dwarf Fire Elementalist began the
                  | quest for the Orb.
     0 | D:1      | Reached XP level 1. HP: 14/14 MP: 3/3
   147 | D:1      | Reached skill level 1 in Conjurations
   475 | D:1      | Reached XP level 2. HP: 16/20 MP: 0/4
  1266 | D:2      | Noticed Sigmund
  1432 | D:2      | Learned a level 2 spell: Scorch
  1448 | D:2      | Reached skill level 4 in Fire Magic
  1508 | D:2      | Reached XP level 3. HP: 26/26 MP: 2/6
  1664 | D:2      | Killed Sigmund
  1665 | D:2      | Reached XP level 4. HP: 27/33 MP: 3/8
  1665 | D:2      | Reached XP level 5. HP: 31/38 MP: 3/9
  1905 | D:2      | Reached skill level 5 in Fire Magic
  2191 | D:3      | Found Wownazir's Distillery.
  2526 | D:3      | Reached XP level 6. HP: 45/45 MP: 3/10
  2625 | D:3      | Identified the +2 ring mail "Avykats" {Int+2 Dex+6}
  2871 | D:3      | Found an ancient bone altar of Kikubaaqudgha.
  3129 | D:4      | Learned a level 4 spell: Flame Wave
  3301 | D:4      | Reached skill level 1 in Maces & Flails
  3303 | D:4      | Reached skill level 1 in Fighting
  3376 | D:4      | Reached XP level 7. HP: 45/52 MP: 8/12
  3488 | D:4      | Noticed Dowan
  3489 | D:4      | Noticed Duvessa
  3495 | D:4      | Killed Dowan
  3502 | D:4      | Killed Duvessa
  3882 | D:4      | Reached skill level 6 in Fire Magic
  4018 | D:5      | Entered Level 5 of the Dungeon
  4277 | D:5      | Reached XP level 8. HP: 62/62 MP: 13/13
  4670 | D:5      | Identified the +0 cloak of the Witching Gods {rElec}
  5150 | D:6      | Noticed Pikel
  5165 | D:6      | Killed Pikel
  5166 | D:6      | Reached skill level 5 in Armour
  5166 | D:6      | Reached skill level 7 in Fire Magic
  5201 | D:6      | Reached XP level 9. HP: 39/71 MP: 15/15
  5369 | D:6      | Found a staircase to the Ecumenical Temple.
  5395 | Temple   | Entered the Ecumenical Temple
  5433 | Temple   | Became a worshipper of Warmaster Okawaru
  5483 | D:6      | Noticed Eustachio
  5484 | D:6      | Reached skill level 1 in Invocations
  5485 | D:6      | Reached skill level 5 in Maces & Flails
  5485 | D:6      | Reached * piety under Okawaru
  5511 | D:5      | Reached skill level 5 in Conjurations
  5733 | D:6      | Reached skill level 5 in Spellcasting
  5747 | D:6      | Killed Eustachio
  5748 | D:6      | Reached skill level 5 in Fighting
  5827 | D:6      | Noticed Jeremiah
  5828 | D:6      | Noticed Grinder
  5830 | D:6      | Paralysed by Grinder for 2 turns
  5839 | D:6      | Killed Grinder
  5839 | D:6      | Reached ** piety under Okawaru
  5846 | D:6      | Killed Jeremiah
  5850 | D:6      | Noticed Edmund
  5982 | D:6      | Killed Edmund
  5983 | D:6      | Reached skill level 8 in Fire Magic
  6562 | D:7      | Found a sand-covered staircase.
  6569 | Ossuary  | Entered an ossuary
  6637 | Ossuary  | Reached XP level 10. HP: 76/81 MP: 14/18
  7409 | D:7      | Noticed Joseph
  7418 | D:7      | Killed Joseph
  7439 | D:7      | Reached *** piety under Okawaru
  7608 | D:7      | Noticed Maggie
  7630 | D:7      | Killed Maggie
  7631 | D:7      | Reached skill level 5 in Invocations
  7943 | D:7      | Found a runed translucent door.
  7944 | D:7      | Noticed Crazy Yiuf
  8198 | D:7      | Killed Crazy Yiuf
  8697 | D:8      | Noticed Maurice
  8735 | D:8      | Something stole 46 gold
  8739 | D:8      | Killed Maurice
  9170 | D:8      | Reached **** piety under Okawaru
  9367 | D:8      | Reached skill level 9 in Fire Magic
  9708 | D:9      | Noticed Amaemon
  9709 | D:9      | Noticed an orange demon
  9725 | D:8      | Killed Amaemon
  9918 | D:9      | Killed an orange demon
  9925 | D:9      | Reached XP level 11. HP: 79/86 MP: 20/20
 10038 | D:9      | Noticed a deep elf pyromancer
 10042 | D:9      | Killed a deep elf pyromancer
 10114 | D:9      | Noticed a two-headed ogre
 10121 | D:9      | Killed a two-headed ogre
 10121 | D:9      | Reached ***** piety under Okawaru
 10846 | D:9      | Identified the +6 morningstar of Ravage {pain, Fly rF-
                  | Will++}
 10882 | D:10     | Entered Level 10 of the Dungeon
 11572 | D:10     | Received a gift from Okawaru
 11887 | D:10     | Found a sparkling altar of Nemelex Xobeh.
 12172 | D:11     | Reached skill level 10 in Fire Magic
 12300 | D:11     | Found a staircase to the Lair.
 12615 | D:11     | Noticed an orange crystal statue
 12652 | D:11     | Noticed Lodul
 12658 | D:11     | Received a gift from Okawaru
 13061 | D:11     | Killed Lodul
 13412 | Lair:1   | Entered Level 1 of the Lair of Beasts
 13427 | Lair:1   | Reached XP level 12. HP: 37/94 MP: 20/22
 13498 | Lair:1   | Found a dark tunnel.
 13520 | Volcano  | Entered a volcano
 14027 | Volcano  | Noticed a two-headed ogre
 14030 | Volcano  | Found a bloodstained altar of Trog.
 14030 | Volcano  | Noticed a two-headed ogre
 14031 | Volcano  | Noticed a two-headed ogre
 14033 | Volcano  | Noticed a two-headed ogre
 14033 | Volcano  | Noticed an ogre mage
 14034 | Volcano  | Killed a two-headed ogre
 14034 | Volcano  | Received a gift from Okawaru
 14034 | Volcano  | Killed a two-headed ogre
 14035 | Volcano  | Reached skill level 1 in Evocations
 14035 | Volcano  | Noticed a two-headed ogre
 14039 | Volcano  | Killed a two-headed ogre
 14041 | Volcano  | Noticed a red draconian
 14081 | Volcano  | Killed an ogre mage
 14081 | Volcano  | Reached ****** piety under Okawaru
 14085 | Volcano  | Killed a two-headed ogre
 14086 | Volcano  | Reached skill level 11 in Fire Magic
 14091 | Volcano  | Killed a two-headed ogre
 14091 | Volcano  | Received a gift from Okawaru
 14124 | Volcano  | Killed a red draconian
 14125 | Volcano  | Reached skill level 10 in Maces & Flails
 14470 | Volcano  | Acquired a +5 flail of protection
 14470 | Volcano  | Received a gift from Okawaru
 14472 | Volcano  | Acquired a +0 pair of gloves of dexterity
 14472 | Volcano  | Received a gift from Okawaru
 14667 | Lair:1   | Reached skill level 10 in Armour
 14817 | Lair:1   | Noticed Harold
 14835 | Lair:1   | Killed Harold
 15289 | Lair:1   | Noticed Gastronok
 15305 | Lair:1   | Killed Gastronok
 15305 | Lair:1   | Received a gift from Okawaru
 15306 | Lair:1   | Reached XP level 13. HP: 57/104 MP: 25/25
 17162 | Lair:2   | Found a staircase to the Snake Pit.
 17506 | Lair:2   | Noticed a fire dragon
 17533 | Lair:2   | Killed a fire dragon
 17924 | Lair:3   | Received a gift from Okawaru
 17927 | Lair:3   | Slain by a seven-headed hydra

Illustrated notes

Levels and vault maps discovered:
D:1:      dpeg_arrival_simpleton_b, layout_basic
D:2:      layout_rooms, uniq_sigmund
D:3:      layout_rooms, lemuel_coloured_pillars_altar, serial_shops, shop,
          minmay_quadrilaterals
D:4:      layout_rooms, minmay_ogre_servants, uniq_duvessa
D:5:      layout_basic
D:6:      layout_cave_pools, temple_pool_b, kennysheep_generic_room_13,
          uniq_edmund, uniq_jeremiah, uniq_grinder, uniq_eustachio, uniq_pikel
D:7:      layout_basic, lightli_ossuary_entry_decrepit_ruins, uniq_joseph,
          uniq_crazy_yiuf_cottage, uniq_maggie
D:8:      layout_layer_cave, uniq_maurice
D:9:      layout_loops_cross, uniq_amaemon
D:10:     layout_roguey, mainiacjoe_overflow_surrounded_room, serial_bayou,
          serial_bayou_shore_a, serial_bayou_pond_e, serial_bayou_lake_a,
          serial_bayou_pond_b
D:11:     layout_roguey, hellmonk_lair_entry_icy, minmay_statue_bubble,
          uniq_lodul
Temple:   nicolae_temple_slightly_damp_pantheon
Lair:1:   beast_lair_carwin_large_2, layout_long_grid,
          nicolae_volcano_entry_vermiform, cheibrodos_lair_reptile_den,
          lemuel_fruit_tree, uniq_gastronok, uniq_harold
Lair:2:   layout_layer_cave, minmay_snake_entry_guardpost_large,
          hellmonk_talismancer, infiniplex_staircase_pool_2
Lair:3:   layout_cellular_growth, palyth_hydra_swamp_entry, worms_lemuel,
          grunt_megastairs_5

Skill      XL: |  1  2  3  4  5  6  7  8  9 10 11 12 13 |
---------------+----------------------------------------+-----
Conjurations   | 1 2 3 4 5 6 7 8 |  8.7
Spellcasting   | 2 3 4 5 6 7 8 |  8.3
Fire Magic     | 4 5 6 7 8 9 10 11 | 11.7
Armour         | 2 3 4 5 6 7 9 10 | 10.5
Maces & Flails | 1 3 4 6 7 9 10 | 10.8
Fighting       | 1 2 4 5 6 7 |  7.3
Invocations    | 3 6 7 |  7.0
Evocations     | 3 4 |  4.5
Dodging        | 2 3 |  3.0
Stealth        | |  1.5

Action                     |  1- 3 |  4- 6 |  7- 9 | 10-12 | 13-15 || total
---------------------------+-------+-------+-------+-------+-------++-------
  Melee: Unarmed           |    11 |    14 |       |       |       ||    25
         Punch             |     1 |       |       |       |       ||     1
         Morningstar       |       |    24 |    19 |       |       ||    43
         Whip              |       |       |    27 |    56 |       ||    83
         Demon whip        |       |       |       |   109 |       ||   109
         Eveningstar       |       |       |       |    42 |   138 ||   180
   Cast: Foxfire           |    30 |    34 |    19 |     9 |       ||    92
         Scorch            |     6 |    31 |    88 |   131 |    21 ||   277
         Flame Wave        |       |       |     9 |    49 |     9 ||    67
 Invoke: Receive Weapon    |       |       |       |     1 |       ||     1
         Receive Armour    |       |       |       |     1 |       ||     1
         Heroism           |       |       |       |       |     1 ||     1
         Finesse           |       |       |       |       |     1 ||     1
  Evoke: Wand              |       |     4 |     2 |    36 |       ||    42
    Use: Potion            |     4 |       |       |    11 |     1 ||    16
         Scroll            |       |     4 |    11 |    17 |     2 ||    34
   Stab: Sleeping          |       |       |       |     1 |       ||     1
 Armour: Robe              |    10 |       |       |       |       ||    10
         Ring mail         |    11 |    56 |   114 |   289 |       ||   470
         Skin              |       |       |       |    13 |       ||    13
         Plate armour      |       |       |       |   106 |   181 ||   287
  Dodge: Dodged            |    14 |    24 |    60 |   140 |    28 ||   266
  Block: Other             |       |       |       |    30 |    30 ||    60

Table legend: (Time is in decaauts)
 A = Elapsed time spent in this place.
 B = Non-inter-level travel time spent in this place.
 C = Inter-level travel time spent in this place.
 D = Time resting spent in this place.
 E = Time spent auto-exploring this place.
 F = Levels seen in this place.
 G = Mean time per level.
                   A        B        C        D        E       F      G
               +--------+--------+--------+--------+--------+-----+--------+
         Total |  17951 |  17163 |    788 |   4729 |   9488 |  17 | 1055.9 |
       Dungeon |  13026 |  12400 |    626 |   2909 |   7535 |  11 | 1184.2 |
        Temple |     63 |      2 |     61 |      0 |      0 |   1 |   63.0 |
          Lair |   3470 |   3369 |    101 |   1178 |   1641 |   3 | 1156.7 |
       Ossuary |    346 |    346 |      0 |     64 |    198 |   1 |  346.0 |
       Volcano |   1044 |   1044 |      0 |    577 |    114 |   1 | 1044.0 |
               +--------+--------+--------+--------+--------+-----+--------+

Top non-repeatable levels by time:
  Lair:2: 1755 daAuts
     D:8: 1547 daAuts
     D:7: 1510 daAuts
  Lair:1: 1494 daAuts
    D:11: 1432 daAuts
     D:1: 1278 daAuts
     D:5: 1221 daAuts
     D:6: 1192 daAuts
    D:10: 1121 daAuts
     D:4: 1066 daAuts
 Volcano: 1044 daAuts
     D:9: 972 daAuts
     D:2: 872 daAuts
     D:3: 810 daAuts
 Ossuary: 346 daAuts
